 Dungeon Crawl Stone Soup version 0.29-a0-6-ga859fcf985 (webtiles) character file.

Game seed: 13839187182894039091

18 Grim the Chucker (level 2, 31/31 HPs)
             Began as an Ogre Hunter on Jan 27, 2022.
             Was a Believer of Lugonu.
             Quit the game on level 1 of the Dungeon.
             The game lasted 00:01:38 (1071 turns).

Grim the Chucker (Ogre Hunter)                      Turns: 1071, Time: 00:01:39

Health: 31/31      AC:  3    Str: 15    XL:     2   Next: 66%
Magic:  2/2        EV:  9    Int: 12    God:    Lugonu [**....]
Gold:   46         SH:  0    Dex:  9    Spells: 1/1 levels left

rFire   . . .      SeeInvis .   g - +0 whip
rCold   . . .      Faith    .   (no shield)
rNeg    . . .      Spirit   .   b - +0 robe
rPois   .          Reflect  .   (helmet restricted)
rElec   .          Harm     .   (no cloak)
rCorr   .          Rampage  .   (gloves unavailable)
Will    .....                   (boots unavailable)
Stlth   +.........              (no amulet)
HPRegen 0.10/turn               (no ring)
MPRegen 0.08/turn               (no ring)

@: no status effects
A: large, unfitting armour, tough skin 1
a: Renounce Religion, Depart the Abyss, Bend Space


You were on level 1 of the Dungeon.
You worshipped Lugonu.
Lugonu was pleased with you.
You visited 1 branch of the dungeon, and saw 1 of its levels.

You collected 46 gold pieces.

Inventory:

Hand Weapons
 a - a +0 short sword
 g - a +0 whip (weapon)
Missiles
 c - 5 large rocks (quivered)
 d - 2 throwing nets
 h - 5 datura-tipped darts
Armour
 b - a +0 robe (worn)
Scrolls
 e - 2 scrolls of identify {unknown}
Potions
 f - a potion of curing {unknown}
 i - a potion of might {unknown}
 j - a potion of haste {unknown}


   Skills:
 + Level 3.2 Fighting
 * Level 1.5 Maces & Flails
 - Level 4.0 Throwing
 - Level 1.7 Dodging
 - Level 0.6 Stealth


You had one spell level left.
You didn't know any spells.
Your spell library contained the following spells:

 Spells                   Type           Power      Damage    Failure   Level
 Dazzling Flash           Conj/Hex       0%         N/A       69%         3
 Agony                    Necr           0%         N/A       100%        5
 Silence                  Hex/Air        0%         N/A       100%        5


Dungeon Overview and Level Annotations

Branches:
Dungeon (1/15)

Altars:
Lugonu


Innate Abilities, Weirdness & Mutations

You are too large for most types of armour.
You have tough skin. (AC +1)


Message History

You closely miss the bat.
The bat is severely wounded.
The bat hits you.
You barely miss the bat.
The bat is severely wounded.
The bat hits you. The bat hits you but does no damage.
You barely miss the bat.
The bat is heavily wounded.
The bat hits you but does no damage.
You closely miss the bat.
The bat is heavily wounded.
The bat hits you but does no damage.
A bat is nearby!
The bat barely misses you.
You miss the bat. The bat closely misses you.
You enter the shallow water.
Moving in this stuff is going to be slow.
The bat closely misses you. The bat hits you.
You closely miss the bat. The bat hits you.
You miss the bat. The bat barely misses you. The bat barely misses you.
The bat hits you.
You barely miss the bat. The bat barely misses you. The bat hits you.
The bat hits you.
You hit the bat.
You kill the bat!
No target in view!
You see here a +0 spear.
You open the door.
There is an open door here.
Partly explored, can't reach some places.
Partly explored, can't reach some places.
Partly explored, can't reach some places.
There is a faded altar of an unknown god here.
You aren't carrying any pieces of jewellery.
You cannot tell which god this altar belongs to.
Convert to them anyway?
Lugonu accepts your prayer! Lugonu welcomes you!
You can now depart the Abyss.
You can now bend space around yourself.
Are you sure you want to abandon this character and quit the game? (Confirm with "yes".)

.............#..# #.........###.
.##.........##..#####........##..
...........###.≈≈≈≈##........#...
...##.....###≈≈≈≈≈≈≈≈.........)#.
...##.....##≈≈≈≈≈≈≈≈≈≈.........).
...........≈≈≈≈≈≈≈≈≈≈≈.......###.
..........≈≈≈≈#####≈≈≈...........
...##...>.≈≈≈≈#...#≈≈≈≈......###.
##########≈≈≈≈#.@.#≈≈≈≈......# #.
#≈≈≈≈#...#≈≈≈≈.###### #.
##≈≈≈##'##≈≈≈..# #.
#≈≈≈≈#.#≈≈≈≈.## #. ##≈≈≈#.##≈≈≈.#
#. #≈###.##≈...# ## ## #..#..###
##...## #####


There were no monsters in sight!

Vanquished Creatures
  A dart slug (D:1)
  A bat (D:1)
  An endoplasm (D:1)
  A giant cockroach (D:1)
  2 jackals (D:1)
  2 kobolds (D:1)
  A quokka (D:1)
  2 ball pythons (D:1)
  A frilled lizard (D:1)
  3 rats (D:1)
15 creatures vanquished.

Notes
Turn   | Place    | Note
-------+----------+-------------------------------------------
     0 | D:1      | Grim the Ogre Hunter began the quest for the Orb.
     0 | D:1      | Reached XP level 1. HP: 22/22 MP: 1/1
   269 | D:1      | Found a faded altar of an unknown god.
   285 | D:1      | Reached skill level 1 in Maces & Flails
   285 | D:1      | Reached XP level 2. HP: 29/31 MP: 2/2
  1070 | D:1      | Prayed at the altar of an unknown god.
  1070 | D:1      | Became a worshipper of Lugonu the Unformed
  1070 | D:1      | Reached * piety under Lugonu
  1070 | D:1      | Reached ** piety under Lugonu
  1071 | D:1      | Quit the game

Illustrated notes

Levels and vault maps discovered:
D:1:      elethiomel_arrival_infinity_welcomes_careful_drivers, layout_rooms,
          nicolae_ecumenical_lake_church

Skill      XL: |  1 |
---------------+----+-----
Fighting       | 3 |  3.2
Maces & Flails | 1 |  1.5
Throwing       | |  4.0
Dodging        | |  1.7
Stealth        | |  0.6

Action                   || total
-------------------------++-------
Melee: Whip              ||    53
       Short sword       ||     9
 Stab: Sleeping          ||     2
Armor: Robe              ||    20
Dodge: Dodged            ||    27

Table legend: (Time is in decaauts)
 A = Elapsed time spent in this place.
 B = Non-inter-level travel time spent in this place.
 C = Inter-level travel time spent in this place.
 D = Time resting spent in this place.
 E = Time spent auto-exploring this place.
 F = Levels seen in this place.
 G = Mean time per level.
                   A        B        C        D        E       F      G
               +--------+--------+--------+--------+--------+-----+--------+
         Total |   1076 |   1074 |      2 |     72 |    864 |   1 | 1076.0 |
       Dungeon |   1076 |   1074 |      2 |     72 |    864 |   1 | 1076.0 |
               +--------+--------+--------+--------+--------+-----+--------+

Top non-repeatable levels by time:
     D:1: 1076 daAuts
